 Dungeon Crawl Stone Soup version 0.25.1-2-g60ff931df9 (webtiles) character file.

Game seed: 13044752379554511741

15697 KyoPewz the Bludgeoner (level 12, -3/189 HPs)
             Began as an Ogre Berserker on Oct 6, 2020.
             Was a High Priest of Trog.
             Slain by a yak (11 damage)
             ... on level 1 of the Lair of Beasts on Oct 7, 2020.
             The game lasted 00:38:24 (15886 turns).

KyoPewz the Bludgeoner (Ogre Berserker)            Turns: 15886, Time: 00:38:25

Health: -3/189     AC:  5    Str: 28    XL:     12   Next: 29%
Magic:  12/12      EV: 10    Int:  8    God:    Trog [*****.]
Gold:   44         SH:  5    Dex:  8    Spells: 11/11 levels left

rFire    . . .     SeeInvis .   a - +0 giant club
rCold    . . .     Gourm    .   (shield currently unavailable)
rNeg     + . .     Faith    .   C - +0 animal skin
rPois    .         Spirit   .   (helmet restricted)
rElec    .         Reflect  +   t - +1 cloak
rCorr    .         Harm     .   (gloves unavailable)
MR       +++..                  (boots unavailable)
Stlth    ..........             I - amulet of reflection
HPRegen  1.41/turn              E - ring of positive energy
MPRegen  0.13/turn              (no ring)

@: berserking, starving, regenerating, very quick
A: large, unfitting armour, tough skin 1
a: Berserk, Trog's Hand, Brothers in Arms, Renounce Religion


You were on level 1 of the Lair of Beasts.
You worshipped Trog.
Trog was extremely pleased with you.
You were starving.

You visited 2 branches of the dungeon, and saw 12 of its levels.

You collected 552 gold pieces.
You spent 508 gold pieces at shops.

Inventory:

Hand Weapons
 a - a +0 giant club (weapon)
   (You took it off an ogre on level 4 of the Dungeon)
 b - a +3 vorpal dire flail
   (Trog gifted it to you on level 9 of the Dungeon)
 m - a +2 whip of freezing
   (You took it off Pikel on level 9 of the Dungeon)
 r - a +3 flail of protection
   (You took it off an orc on level 3 of the Dungeon)
 z - a +0 giant spiked club
   (You took it off an ogre on level 5 of the Dungeon)
 F - the +4 long sword "Xiell" {vorpal, rPois}
   (You found it on level 7 of the Dungeon)

   It inflicts extra damage upon your enemies.
   It protects you from poison.
 O - the +8 great sword "Luasokh" {flame, Str+7}
   (Trog gifted it to you on level 11 of the Dungeon)

   It has been specially enchanted to burn those struck by it, causing extra
   injury to most foes and up to half again as much damage against particularly
   susceptible opponents.
   Big, fiery blades are also staple armaments of hydra-hunters.
   It affects your strength (+7).
Missiles
 y - a throwing net (quivered) {!f}
Armour
 t - a +1 cloak (worn)
   (You found it on level 3 of the Dungeon)
 C - a +0 animal skin (worn)
Jewellery
 E - a ring of positive energy (left hand)
   (You found it on level 6 of the Dungeon)
 I - an amulet of reflection (around neck)
   (You found it on level 3 of the Dungeon)
Wands
 c - a wand of disintegration (15)
   (You found it on level 11 of the Dungeon)
 d - a wand of iceblast (16)
   (You found it on level 8 of the Dungeon)
 v - a wand of digging (4)
   (You found it on level 11 of the Dungeon)
 x - a wand of acid (9)
   (You found it on level 10 of the Dungeon)
 L - a wand of polymorph (6)
   (You took it off a crimson imp on level 11 of the Dungeon)
Scrolls
 f - 2 scrolls of blinking
 i - 6 scrolls of remove curse {@r2}
 n - 2 scrolls of magic mapping
 q - 4 scrolls of enchant weapon
 w - a scroll of summoning
 A - 4 scrolls of immolation {!r}
 H - a scroll of fear
 K - 4 scrolls of enchant armour
 M - a scroll of fog
 P - 7 scrolls of teleportation {@r4}
Potions
 h - a potion of haste {@q3}
 j - 4 potions of might
 k - 5 potions of curing {@q1}
 l - a potion of mutation {!q}
 p - a potion of lignification {!q}
 s - 2 potions of heal wounds {@q2}
 B - a potion of cancellation
 D - a potion of invisibility
 J - 3 potions of flight
Miscellaneous
 N - a phantom mirror
Comestibles
 e - 15 rations {!d}


   Skills:
 - Level 10.0 Fighting
 * Level 16.1 Maces & Flails
 - Level 2.6 Dodging


You had 11 spell levels left.
You didn't know any spells.
Your spell library was empty.

Dungeon Overview and Level Annotations

Branches:
Dungeon (11/15)            Temple (0/1) D:4            Lair (1/6) D:9
    Orc (0/2) D:9

Altars:
Cheibriados
Hepliaklqana
Okawaru
Ru
Sif Muna
Vehumet
Xom

Shops:
D:5 %?%**   D:9 :

Portals:
Trove: D:10 (give 2 scrolls of acquirement)

Annotations:
D:7 1 runed translucent door, kalagan's ghost, novice GrFi
D:11 1 runed translucent door
Lair:1 Grum


Innate Abilities, Weirdness & Mutations

You are too large for most types of armour.
You have tough skin. (AC +1)


Message History

Your Maces & Flails skill increases to level 16!
You are starving!
A porcupine comes into view.
Grum hits you from afar with a -2 spear.
* * * LOW HITPOINT WARNING * * *
You closely miss the wolf. The wolf bites you.
* * * LOW HITPOINT WARNING * * *
You crush the wolf like a grape!!!
You kill the wolf!
Trog accepts your kill. You block Grum's attack.
You hit the komodo dragon but do no damage.
You barely miss the komodo dragon.
Grum hits you from afar with a -2 spear!
* * * LOW HITPOINT WARNING * * *
The komodo dragon closely misses you.
You hammer the komodo dragon like a gong!!!
You kill the komodo dragon!
Trog accepts your kill.
You barely miss the yak. You block Grum's attack.
You barely miss the yak. The yak gores you.
* * * LOW HITPOINT WARNING * * *
You barely miss the yak. You block Grum's attack.
You crush the yak like a grape!!!
You kill the yak!
Trog accepts your kill.
You hear an angry hiss.
You hit the yak.
Grum hits you from afar with a -2 spear.
* * * LOW HITPOINT WARNING * * *
You block the yak's attack.
You bludgeon the yak!! You sock the yak!
You feel the power of Trog in you as your rage grows.
You kill the yak!
Trog accepts your kill. The yak gores you!
* * * LOW HITPOINT WARNING * * *
You block Grum's attack.
A komodo dragon comes into view.
You bludgeon the yak!! You hit the yak.
You feel the power of Trog in you as your rage grows.
You kill the yak!
Trog accepts your kill.
Grum hits you from afar with a -2 spear!
* * * LOW HITPOINT WARNING * * *
You sock the yak! You barely miss the yak. The yak gores you!
You die...

# #### ### ### ###
##.####..########P###.######.##
..$..........†@................
............g##Y##.#.#.........
####+###..............#.........
#..Y.%..+.....#.............P###
h........#l....#.......#.....####
.#.............#.......#......#..
#.......#.....#.......#.........
...^[....#.....#.......#.....##..
..###..+#......#.............(#.P


You could see a komodo dragon, Grum and a yak.

Vanquished Creatures
  Harold (D:7)
  A two-headed ogre (D:11)
  An unseen horror (D:11)
  Pikel (D:9)
  An ugly thing (D:11)
  Maurice (D:10)
  A kobold demonologist (D:11)
  2 gargoyles
  4 komodo dragons
  A hippogriff (D:9)
  A spriggan (D:7)
  16 yaks
  A hungry ghost (D:9)
  2 two-headed ogre zombies (D:9)
  2 water moccasins
  A soldier ant (D:11)
  3 ice beasts
  A porcupine (Lair:1)
  7 orc warriors
  6 sky beasts
  A black bear (D:9)
  A necrophage (D:11)
  A slave (D:9)
  6 ogres
  6 phantoms
  4 wolves (Lair:1)
  4 centaurs
  A crocodile (D:8)
  2 big kobolds
  6 bullfrogs
  A wyvern zombie (D:11)
  4 scorpions
  A troll zombie (D:9)
  8 wights
  5 howler monkeys
  3 crimson imps
  2 centaur zombies
  A quasit (D:9)
  2 centaur skeletons
  7 hounds
  13 orc priests
  3 jellies
  2 bullfrog skeletons
  9 orc wizards
  3 iguanas
  6 worker ants
  5 ogre zombies (D:9)
  2 hound zombies
  8 adders
  3 gnolls (D:11)
  A howler monkey skeleton (D:5)
  2 shadow imps
  2 oozes
  An adder skeleton (D:7)
  An adder zombie (D:5)
  2 worms
  2 dart slugs
  11 leopard geckos
  44 orcs
  5 giant cockroaches
  2 goblins (D:3)
  10 hobgoblins
  14 jackals
  20 kobolds
  6 quokkas
  6 bats
  7 frilled lizards
  2 goblin skeletons (D:9)
  2 goblin zombies (D:9)
  2 hobgoblin skeletons (D:9)
  3 hobgoblin zombies (D:9)
  A leopard gecko skeleton (D:5)
  A leopard gecko zombie (D:9)
  5 orc skeletons (D:9)
  10 orc zombies (D:9)
  A quokka skeleton (D:4)
  A quokka zombie (D:6)
  11 rats
349 creatures vanquished.

Vanquished Creatures (others)
  Erica (D:11)
  A hound (D:9)
  3 jackals (D:9)
  A kobold (D:7)
  An orc zombie (D:9)
  3 fungi (D:5)
10 creatures vanquished.

Grand Total: 359 creatures vanquished

Notes
Turn   | Place    | Note
-------+----------+-------------------------------------------
     0 | D:1      | KyoPewz the Ogre Berserker began the quest for the Orb.
     0 | D:1      | Reached XP level 1. HP: 24/24 MP: 1/1
   134 | D:1      | Reached skill level 3 in Maces & Flails
   185 | D:1      | Reached XP level 2. HP: 32/32 MP: 2/2
   759 | D:1      | Reached ** piety under Trog
   759 | D:1      | Reached XP level 3. HP: 30/40 MP: 3/3
  1497 | D:2      | Reached XP level 4. HP: 33/49 MP: 4/4
  1655 | D:2      | Reached skill level 5 in Fighting
  1655 | D:2      | Reached skill level 4 in Maces & Flails
  2373 | D:3      | Reached *** piety under Trog
  2461 | D:3      | Found a hazy altar of Hepliaklqana.
  2742 | D:3      | Reached XP level 5. HP: 39/57 MP: 5/5
  3155 | D:3      | Reached skill level 5 in Maces & Flails
  3498 | D:4      | Reached XP level 6. HP: 64/67 MP: 6/6
  3539 | D:4      | Noticed a phantom
  3560 | D:4      | Killed a phantom
  3740 | D:4      | Found a staircase to the Ecumenical Temple.
  3744 | D:4      | Noticed an ice beast
  3765 | D:4      | Killed an ice beast
  3765 | D:4      | Reached XP level 7. HP: 64/76 MP: 7/7
  3855 | D:4      | Reached skill level 6 in Maces & Flails
  4384 | D:5      | Entered Level 5 of the Dungeon
  4479 | D:5      | Found Olylupef's General Store.
  4486 | D:5      | Reached skill level 7 in Maces & Flails
  4494 | D:5      | Reached XP level 8. HP: 88/88 MP: 8/8
  4568 | D:5      | Bought a potion of mutation for 88 gold pieces
  4611 | D:5      | Reached **** piety under Trog
  4748 | D:5      | Found Bamnyho's Magic Scroll Shoppe.
  4757 | D:5      | Bought a scroll of teleportation for 42 gold pieces
  4767 | D:5      | Found Jykod's Assorted Antiques.
  4770 | D:5      | Bought a scroll labeled FAOMAR WIFUTSE for 23 gold pieces
  4770 | D:5      | Bought a scroll labeled MUD NEHI WUNO for 23 gold pieces
  5265 | D:5      | Found Tung's Food Emporium.
  5294 | D:5      | Found Hyllear's Food Emporium.
  5295 | D:5      | Reached skill level 8 in Maces & Flails
  5490 | D:5      | Found an iron altar of Okawaru.
  6122 | D:6      | Reached XP level 9. HP: 93/100 MP: 9/9
  6756 | D:6      | Reached skill level 9 in Maces & Flails
  7088 | D:7      | Found a snail-covered altar of Cheibriados.
  7088 | D:7      | Found a sacrificial altar of Ru.
  7089 | D:7      | Found a shimmering blue altar of Sif Muna.
  7292 | D:7      | Noticed Harold
  7303 | D:7      | Killed Harold
  7303 | D:7      | Reached skill level 10 in Fighting
  7303 | D:7      | Reached skill level 10 in Maces & Flails
  7321 | D:7      | Found a runed translucent door.
  7321 | D:7      | Found a shimmering altar of Xom.
  7321 | D:7      | Noticed kalagan's ghost (novice GrFi)
  7321 | D:7      | Noticed a +1 dagger of chaos
  7707 | D:7      | Found a radiant altar of Vehumet.
  7713 | D:7      | Got a jewelled long sword
  8016 | D:7      | Reached skill level 11 in Maces & Flails
  8016 | D:7      | Reached XP level 10. HP: 102/110 MP: 10/10
  9419 | D:5      | Bought a bubbling red potion for 20 gold pieces
  9419 | D:5      | Bought 2 scrolls labeled MINTEO MENOABB for 46 gold pieces
  9431 | D:5      | Identified the +4 long sword "Xiell" {vorpal, rPois} (You
                  | found it on level 7 of the Dungeon)
  9446 | D:5      | Bought a scroll of identify for 28 gold pieces
  9600 | D:9      | Reached skill level 12 in Maces & Flails
  9612 | D:9      | Reached ***** piety under Trog
 10572 | D:9      | Found a staircase to the Orcish Mines.
 10605 | D:9      | Noticed Pikel
 10626 | D:9      | Killed Pikel
 10626 | D:9      | Reached skill level 13 in Maces & Flails
 10832 | D:9      | Received a gift from Trog
 10848 | D:9      | Found Plog's Book Emporium.
 10856 | D:9      | Reached XP level 11. HP: 117/117 MP: 11/11
 11064 | D:9      | Found a staircase to the Lair.
 11208 | D:10     | Entered Level 10 of the Dungeon
 12075 | D:10     | Noticed Maurice
 12084 | D:10     | Reached skill level 14 in Maces & Flails
 12106 | D:10     | Killed Maurice
 12746 | D:10     | Found a portal to a secret trove of treasure.
 13132 | D:11     | Noticed a purple ugly thing
 13145 | D:11     | Killed a purple ugly thing
 13340 | D:11     | Noticed a two-headed ogre
 13343 | D:11     | Noticed Erica
 13353 | D:11     | Killed a two-headed ogre
 13367 | D:11     | Killed Erica
 13863 | D:11     | Killed an unseen horror
 13863 | D:11     | Reached skill level 15 in Maces & Flails
 14145 | D:11     | Found a runed translucent door.
 14145 | D:11     | Noticed a sixfirhy
 14240 | D:11     | Received a gift from Trog
 14250 | D:11     | Got a dazzling great sword {god gift}
 14383 | D:11     | Reached XP level 12. HP: 123/126 MP: 12/12
 14405 | D:11     | Identified the +8 great sword "Luasokh" {flame, Str+7}
                  | (Trog gifted it to you on level 11 of the Dungeon)
 15328 | D:5      | Bought a scroll of identify for 28 gold pieces
 15328 | D:5      | Bought a scroll of identify for 28 gold pieces
 15328 | D:5      | Bought a scroll of blinking for 105 gold pieces
 15328 | D:5      | Bought a scroll of magic mapping for 49 gold pieces
 15344 | D:5      | Bought a scroll of identify for 28 gold pieces
 15474 | Lair:1   | Entered Level 1 of the Lair of Beasts
 15835 | Lair:1   | Noticed Grum
 15870 | Lair:1   | Reached skill level 16 in Maces & Flails
 15884 | Lair:1   | HP: 7/189 [Grum/-2 spear (9)]
 15886 | Lair:1   | Slain by a yak

Illustrated notes

Levels and vault maps discovered:
D:1:      roderic_crossed_star, layout_basic, minmay_crystal_water,
          minmay_octomino_c4
D:2:      layout_rooms, lightli_corner_chamber
D:3:      layout_basic, lemuel_crystal_altar, serial_glass, glass_columns_b,
          glass_columns_c, glass_columns_a, glass_columns_b
D:4:      layout_cave_pools, minmay_temple_entry_tees, first_ration
D:5:      old_forge, layout_basic, serial_shops, kennysheep_mini_moat,
          nicolae_shop_statue_plus, nicolae_shop_crystal, shop, shop,
          okawaru_gym_becter
D:6:      layout_gridville
D:7:      layout_rooms, gammafunk_temple_overflow_claw, ebering_ghost_xom,
          basic_altar, the_bakery, uniq_harold
D:8:      layout_layer_cave
D:9:      layout_loops_ring, lair_entry_dummy, zombieorc2_lemuel, serial_shops,
          kennysheep_little_box, uniq_pikel
D:10:     layout_loops_ring, nicolae_trove_entry_diagonal, uniq_maurice
D:11:     cheibrodos_shockbox, layout_basic, uniq_erica
Lair:1:   layout_regular_city, chequers_serial_rivers_large_a, uniq_grum

Skill      XL: |  1  2  3  4  5  6  7  8  9 10 11 12 |
---------------+-------------------------------------+-----
Maces & Flails | 3 4 5 7 8 11 13 15 16 | 16.1
Fighting       | 5 6 7 9 10 | 10.0
Dodging        | |  2.6

Action                   |  1- 3 |  4- 6 |  7- 9 | 10-12 || total
-------------------------+-------+-------+-------+-------++-------
Melee: Mace              |   115 |    46 |       |       ||   161
       Flail             |       |   101 |   281 |   305 ||   687
       Dire flail        |       |       |       |   287 ||   287
       Unarmed           |       |       |       |    15 ||    15
       Giant club        |       |       |       |    70 ||    70
Invok: Berserk           |       |     2 |     3 |     4 ||     9
       Trog's Hand       |       |       |     3 |     7 ||    10
Evoke: Wand              |       |       |       |     1 ||     1
  Use: Scroll            |       |       |     7 |    15 ||    22
       Potion            |       |       |       |     2 ||     2
  Eat: Chunk             |     2 |     9 |    18 |    23 ||    52
       Ration            |       |       |       |     2 ||     2
Armor: Animal skin       |    39 |    51 |    85 |   110 ||   285
       Skin              |       |       |       |     8 ||     8
Dodge: Dodged            |    67 |    82 |   117 |   230 ||   496
Block: Other             |       |       |    35 |    91 ||   126
       Reflection        |       |       |     1 |     2 ||     3
